 Dungeon Crawl Stone Soup version 0.28.0 (webtiles) character file.

Game seed: 11209729524601934823

96714 magipi the Severer (level 11, -6/101 (110) HPs)
             Began as a Minotaur Brigand on Feb 18, 2022.
             Was a High Priest of Ru.
             Mangled by a culicivora (9 damage)
             ... led by a torpor snail
             ... on level 1 of the Spider Nest.
             The game lasted 01:45:43 (29283 turns).

magipi the Severer (Minotaur Brigand)              Turns: 29283, Time: 01:45:43

HP:   -6/101 (110)  AC: 17    Str: 19    XL:     11   Next: 70%
MP:   10/10         EV:  7    Int: 12    God:    Ru [*****.]
Gold: 219           SH:  6    Dex: 18    Spells: 10/10 levels left

rFire   + . .      SeeInvis +   a - +1 war axe (elec)
rCold   + . .      Faith    .   l - +1 buckler {rN+}
rNeg    + . .      Spirit   .   B - +1 chain mail {rC+}
rPois   +          Reflect  .   (helmet restricted)
rElec   +          Harm     .   c - +1 cloak
rCorr   .          Rampage  .   (no gloves)
Will    .....                   C - +0 pair of boots
Stlth   ..........              r - amulet of Weusaur {Contam rElec rF+ Regen+ Int+4}
HPRegen 1.06/turn               p - ring of poison resistance
MPRegen 0.12/turn               i - ring of Kykhloucev {Dex+4 Slay+4 SInv}

@: slowed, drained, very slow
A: horns 2, no stealth, inability to train dodging, no conjurations magic, no
poison magic, no transmutations magic, inexperienced 2, retaliatory headbutt
a: Renounce Religion, Draw Out Power, Power Leap, Apocalypse


You were on level 1 of the Spider Nest.
You worshipped Ru.
Ru was extremely pleased with you.
You visited 5 branches of the dungeon, and saw 25 of its levels.
You also visited: Ossuary and Bailey.

You collected 2759 gold pieces.
You spent 2540 gold pieces at shops.

Inventory:

Hand Weapons
 a - a +1 war axe of electrocution (weapon)
   (You took it off an orc on level 5 of the Dungeon)
 b - a +2 morningstar of protection
   (You bought it in a shop on level 2 of the Orcish Mines)
 w - a +4 broad axe
   (You took it off Urug on level 3 of the Lair of Beasts)
Missiles
 d - 66 poisoned darts
 u - 9 boomerangs (quivered)
 y - 7 curare-tipped darts
 I - 2 throwing nets
 N - 6 javelins
Armour
 c - a +1 cloak (worn)
 l - a +1 buckler of positive energy (worn)
   (You took it off a tengu warrior on level 15 of the Dungeon)
 B - a +1 chain mail of cold resistance (worn)
   (You bought it in a shop on level 12 of the Dungeon)
 C - a +0 pair of boots (worn)
   (You found it on level 6 of the Lair of Beasts)
Jewellery
 f - a ring of protection from fire
   (You found it on level 1 of the Dungeon)
 i - the ring of Kykhloucev (right hand) {Dex+4 Slay+4 SInv}
   (You bought it in a shop on level 2 of the Orcish Mines)

   [ring of slaying]

   Dex:       It affects your dexterity (+4).
   Slay:      It affects your accuracy & damage with ranged weapons and melee
   (+4).
   SInv:      It lets you see invisible.
 p - a ring of poison resistance (left hand)
   (You found it on level 9 of the Dungeon)
 r - the amulet of Weusaur (around neck) {Contam rElec rF+ Regen+ Int+4}
   (You found it on level 3 of the Lair of Beasts)

   [amulet of regeneration]

   Int:       It affects your intelligence (+4).
   rF:        It protects you from fire.
   rElec:     It insulates you from electricity.
   Contam:    It causes magical contamination when unequipped.
   Regen:     It increases your rate of health regeneration.
 F - a ring of resist corrosion
   (You bought it in a shop on level 2 of the Orcish Mines)
Wands
 e - a wand of digging (8)
   (You found it on level 5 of the Dungeon)
 g - a wand of iceblast (10)
   (You bought it in a shop on level 2 of the Orcish Mines)
 t - a wand of flame (11)
   (You found it on level 7 of the Dungeon)
 P - a wand of mindburst (2)
   (You found it on level 4 of the Lair of Beasts)
 Q - a wand of charming (5)
   (You found it on level 5 of the Lair of Beasts)
 R - a wand of polymorph (2)
   (You found it on level 5 of the Lair of Beasts)
 W - a wand of paralysis (5)
   (You found it on level 10 of the Dungeon)
Scrolls
 j - 3 scrolls of identify
 k - 5 scrolls of magic mapping
 s - 6 scrolls of teleportation
 v - 5 scrolls of enchant armour
 x - a scroll of summoning
 A - 4 scrolls of blinking
 D - a scroll of immolation
 J - 3 scrolls of fear
 U - 3 scrolls of fog
 Y - 3 scrolls of enchant weapon
 Z - a scroll of holy word
Potions
 h - 3 potions of flight
 m - 11 potions of curing
 o - 4 potions of might
 z - 5 potions of attraction
 E - 3 potions of magic
 G - a potion of resistance
 H - 2 potions of mutation
 K - 3 potions of lignification
 L - a potion of ambrosia
 M - 2 potions of cancellation
 V - 2 potions of berserk rage
Miscellaneous
 O - a lightning rod (4/4)
   (You found it on level 4 of the Lair of Beasts)
 T - a phantom mirror
   (You found it on level 6 of the Lair of Beasts)


   Skills:
 + Level 14.2 Fighting
 - Level 2.1 Short Blades
 - Level 16.0 Axes
 + Level 13.3 Throwing
 - Level 12.0 Armour
 + Level 4.0 Shields
 + Level 13.8 Evocations


You had 10 spell levels left.
You didn't know any spells.
Your spell library contained the following spells:

 Spells                   Type           Power      Damage    Failure   Level
 Call Imp                 Summ           0%         N/A       99%         2
 Scorch                   Fire           0%         2d5       99%         2
 Call Canine Familiar     Summ           0%         N/A       100%        3
 Gell's Gravitas          Tloc           0%         N/A       100%        3
 Lesser Beckoning         Tloc           0%         N/A       100%        3
 Portal Projectile        Hex/Tloc       0%         N/A       100%        3
 Swiftness                Air            0%         N/A       100%        3
 Teleport Other           Tloc           0%         N/A       100%        3
 Airstrike                Air            0%         N/A       100%        4
 Animate Dead             Necr           0%         N/A       100%        4
 Leda's Liquefaction      Hex/Erth       0%         N/A       100%        4
 Agony                    Necr           0%         N/A       100%        5
 Borgnjor's Vile Clutch   Necr/Erth      0%         N/A       100%        5
 Silence                  Hex/Air        0%         N/A       100%        5
 Death Channel            Necr           0%         N/A       100%        6
 Dispersal                Tloc           0%         N/A       100%        6
 Summon Cactus Giant      Summ           0%         N/A       100%        6
 Haunt                    Necr/Summ      0%         N/A       100%        7
 Infestation              Necr           0%         N/A       100%        8
 Magic Dart               Conj           Unusable   1d3       N/A         1
 Shock                    Conj/Air       Unusable   1d3       N/A         1
 Dazzling Flash           Conj/Hex       Unusable   N/A       N/A         3
 Ignite Poison            Fire/Tmut/Pois Unusable   N/A       N/A         3
 Mephitic Cloud           Conj/Pois/Air  Unusable   N/A       N/A         3
 Flame Wave               Conj/Fire      Unusable   2d4       N/A         4
 Freezing Cloud           Conj/Ice/Air   Unusable   6-21      N/A         5

Dungeon Overview and Level Annotations

Branches:
Dungeon (15/15)            Temple (1/1) D:5            Lair (6/6) D:9
 Shoals (0/4) Lair:3       Spider (1/4) Lair:4        Slime (0/5) Lair:5
    Orc (2/2) D:9             Elf (0/3) Orc:2        Vaults (0/5) D:13
 Depths (0/4) D:15        Ossuary (visited)          Bailey (visited)

Altars:
Ashenzari
Cheibriados
Dithmenos
Elyvilon
Fedhas
Gozag
Hepliaklqana
Kikubaaqudgha
Makhleb
Nemelex Xobeh
Okawaru
Qazlal
Ru
Sif Muna
Trog
Uskayaw
Vehumet
Wu Jian
Xom
Yredelemnul
Zin
The Shining One
Beogh

Shops:
D:1 (   D:5 ?   D:12 [   Orc:2 =[(*

Annotations:
D:2 Natasha
D:11 3 runed translucent doors, bl3nd3r's ghost, journeyman GrFi
Lair:3 exclusion: door


Innate Abilities, Weirdness & Mutations

You have a pair of horns on your head.
You cannot be stealthy.
You cannot train Dodging skill.
You cannot study or cast Conjurations magic.
You cannot study or cast Poison magic.
You cannot study or cast Transmutations magic.
You are inexperienced. (-4 XL)
You reflexively headbutt those who attack you in melee.


Message History

The jumping spider begins to attack, but is stunned by your conviction!
A culicivora comes into view.
A torpor snail comes into view.
The culicivora hisses angrily.
You hear an angry hiss.
A wolf spider comes into view.
A jumping spider comes into view.
You redirect the culicivora's attack!
Being near the torpor snail leaves you feeling lethargic.
The jumping spider leaps!
The jumping spider barely misses you. The jumping spider bites you.
The jumping spider begins to attack, but is stunned by your conviction!
A culicivora comes into view.
You barely miss the culicivora.
The culicivora hisses angrily.
You headbutt the culicivora!
The culicivora is lightly wounded.
You slash the jumping spider! The culicivora bites you!
The culicivora draws strength from your injuries!
The jumping spider pounces on you.
The jumping spider bites you but does no damage.
You redirect the jumping spider's attack!
The culicivora barely misses you. The jumping spider pounces on you.
The jumping spider bites you but does no damage.
You redirect the jumping spider's attack!
Unknown command.
You are too injured to fight recklessly!
Unknown command.
You are too injured to fight recklessly!
Unknown command.
You are too injured to fight recklessly!
Unknown command.
You block the culicivora's attack.
The jumping spider is stunned by your conviction and fails to attack.
The jumping spider leaps!
The jumping spider's wounds heal themselves!
The culicivora begins to attack, but is stunned by your conviction!
The culicivora's wounds heal themselves!
You feel yourself speed up.
You redirect the jumping spider's attack!
The jumping spider pounces on the wolf spider.
The jumping spider bites the wolf spider.
The jumping spider is stunned by your conviction and fails to attack. x2
The wolf spider is stunned by your conviction and fails to attack.
The wolf spider hits you. The wolf spider bites you.
Being near the torpor snail leaves you feeling lethargic.
You feel yourself speed up.
The jumping spider leaps!
The wolf spider's wounds heal themselves!
You block the wolf spider's attack.
The wolf spider bites you but does no damage.
Being near the torpor snail leaves you feeling lethargic.
You feel yourself speed up.
The jumping spider leaps!
The jumping spider pounces on you!
You focus your inner power and blind the jumping spider in retribution!
The jumping spider bites you but does no damage.
The wolf spider hits you! The wolf spider closely misses you.
You redirect the culicivora's attack!
Being near the torpor snail leaves you feeling lethargic.
The jumping spider is stunned by your conviction and fails to attack.
You feel yourself speed up.
The jumping spider begins to attack, but is stunned by your conviction!
The culicivora begins to attack, but is stunned by your conviction!
You block the wolf spider's attack.
The wolf spider bites you but does no damage.
You redirect the jumping spider's attack!
Being near the torpor snail leaves you feeling lethargic.
The jumping spider pounces on you but does no damage.
The jumping spider bites you but does no damage.
The jumping spider leaps!
The wolf spider hits you but does no damage.
The wolf spider bites you.
You feel yourself speed up.
The jumping spider is no longer blind.
The culicivora begins to attack, but is stunned by your conviction!
The jumping spider begins to attack, but is stunned by your conviction!
The jumping spider leaps! x2
Being near the torpor snail leaves you feeling lethargic.
Unknown command.
You feel yourself speed up.
The jumping spider leaps!
The jumping spider pounces on you!
You are caught in a web!
The jumping spider bites you but does no damage.
The culicivora begins to attack, but is stunned by your conviction!
The jumping spider begins to attack, but is stunned by your conviction!
The wolf spider hits you! The wolf spider bites you.
* * * LOW HITPOINT WARNING * * *
Being near the torpor snail leaves you feeling lethargic.
There is a web, spattered with blood here.
Unknown command.
The web tears apart.
The culicivora bites you!
* * * LOW HITPOINT WARNING * * *
The culicivora draws strength from your injuries!
The jumping spider pounces on you but does no damage.
You block the jumping spider's attack. The wolf spider hits you.
* * * LOW HITPOINT WARNING * * *
The wolf spider closely misses you. The culicivora bites you!
* * * LOW HITPOINT WARNING * * *
The culicivora draws strength from your injuries!
The culicivora bites you!
You die...

#......# ##.####.##
###..)## ##..#..^#
#.#### ##..###....#
#.## #.## ##...
#.#.## ##.# ####..
####.## #.## ##..###
##<## #.# #.....#
####†## ##.####....#
#...@s###..........#
#..sss†....########.#
#.........## #
#......s...#
##.........#
#............
##........#..#
##w.....###.#
##.....## #.#


You could see a torpor snail, a wolf spider, 2 culicivoras and 2 jumping
spiders.

Vanquished Creatures
  Agnes (D:15)
  Louise (D:14)
  An orc warlord (Orc:2)
  An emperor scorpion (Spider:1)
  A war gargoyle (D:13)
  A broodmother (Spider:1)
  An entropy weaver (Spider:1)
  An ettin (D:15)
  A fire dragon (Lair:6)
  Fannar (Lair:3)
  3 boulder beetles
  An ogre mage (D:15)
  8 hydras
  2 centaur warriors
  A merfolk aquamancer (D:13)
  2 death yaks (Lair:2)
  5 two-headed ogres
  Erica (Lair:1)
  A tengu warrior (D:15)
  Urug (Lair:3)
  2 orc high priests (Orc:2)
  Nergalle (Orc:1)
  A fire crab (Lair:6)
  4 skeletal warriors (D:14)
  An orb spider (Spider:1)
  A swamp dragon (Lair:6)
  2 deep trolls (D:15)
  4 orc knights
  A deep elf zephyrmancer (D:13)
  A necromancer (D:15)
  3 lindwurms
  A deep elf pyromancer (D:14)
  A manticore (D:13)
  5 orc sorcerers
  3 ugly things (D:15)
  2 cyclopes
  11 elephants
  2 water nymphs (D:13)
  A torpor snail (Lair:3)
  3 black mambas
  A cane toad (shapeshifter) (D:13)
  9 gargoyles
  An efreet (D:15)
  9 cane toads
  10 komodo dragons
  A tengu conjurer (D:15)
  6 trolls
  2 meliai (Spider:1)
  10 polar bears (Lair:6)
  8 slime creatures
  4 hornets
  Grinder (D:6)
  4 dream sheep (Lair:6)
  5 tarantellas (Spider:1)
  15 blink frogs
  2 raiju (Lair:6)
  3 culicivoras (Spider:1)
  2 spriggans (Bailey)
  2 vampires
  8 jumping spiders
  Sigmund (D:2)
  49 yaks
  5 wyverns
  7 basilisks
  3 water elementals
  3 wraiths
  12 redbacks (Spider:1)
  3 steam dragons
  15 vampire mosquitoes
  5 acid dragons
  7 wargs
  19 water moccasins
  15 hell hounds (Lair:6)
  5 swamp drakes
  27 orc warriors
  9 ogres
  11 black bears (Lair:6)
  5 boggarts (D:15)
  2 sky beasts
  3 necrophages
  25 wolves
  3 centaurs
  An elf zombie (Ossuary)
  Blork the orc (Orc:1)
  A gnoll sergeant (D:10)
  5 kobold brigands
  An elf skeleton (D:5)
  2 scorpions
  10 bullfrogs
  2 water moccasin skeletons
  11 killer bees
  A wight (D:7)
  3 howler monkeys
  12 electric eels
  7 centaur zombies
  5 hounds
  2 jellies
  3 human zombies
  2 centaur skeletons (D:6)
  24 orc priests
  A bullfrog skeleton (D:5)
  20 orc wizards
  Ijyb (D:5)
  3 iguanas
  A human skeleton (D:5)
  2 killer bee zombies
  A hound zombie (D:5)
  2 mummies (Ossuary)
  A howler monkey zombie (D:9)
  9 adders
  3 gnolls (D:10)
  A howler monkey skeleton (D:6)
  A shadow imp (D:4)
  2 white imps
  An adder zombie (Ossuary)
  2 dart slugs
  81 orcs
  7 endoplasms
  3 giant cockroaches
  11 goblins
  10 hobgoblins
  3 jackals (D:5)
  18 kobolds
  3 quokkas
  10 ball pythons
  8 bats
  4 frilled lizards
  9 hobgoblin zombies (Ossuary)
  A jackal zombie (Ossuary)
  9 kobold zombies (Ossuary)
  An orc skeleton (D:5)
  8 orc zombies (Ossuary)
  5 rats
  A rat zombie (Ossuary)
  A bush (Lair:6)
759 creatures vanquished.

Vanquished Creatures (collateral kills)
  A polar bear (Lair:5)
1 creature vanquished.

Vanquished Creatures (others)
  2 two-headed ogres
  A manticore (D:15)
  A gargoyle (D:13)
  A meliai (Spider:1)
  A slime creature (D:12)
  A jumping spider (Spider:1)
  An orc warrior (D:9)
  31 fungi
  167 plants
206 creatures vanquished.

Grand Total: 966 creatures vanquished

Notes
Turn   | Place    | Note
-------+----------+-------------------------------------------
     0 | D:1      | magipi the Minotaur Brigand began the quest for the Orb.
     0 | D:1      | Reached XP level 1. HP: 18/18 MP: 0/0
   257 | D:1      | Reached XP level 2. HP: 25/25 MP: 1/1
   387 | D:1      | Found Oxtid's Weapon Boutique.
   545 | D:1      | Reached XP level 3. HP: 30/31 MP: 2/2
   706 | D:2      | Noticed Natasha
   783 | D:2      | Noticed Sigmund
  1240 | D:2      | Killed Sigmund
  1241 | D:2      | Reached XP level 4. HP: 20/41 MP: 3/3
  1241 | D:2      | Reached XP level 5. HP: 22/47 MP: 4/4
  1316 | D:2      | Reached skill level 5 in Throwing
  1418 | D:2      | Found a faded altar of an unknown god.
  1767 | D:3      | Reached XP level 6. HP: 15/53 MP: 5/5
  2090 | D:3      | Found a stormy altar of Qazlal.
  2319 | D:4      | Reached skill level 5 in Fighting
  2398 | D:4      | Noticed a hornet
  2406 | D:4      | Killed a hornet
  2407 | D:4      | Reached XP level 7. HP: 61/61 MP: 6/6
  2426 | D:4      | Found a broken altar of Ashenzari.
  2835 | D:5      | Entered Level 5 of the Dungeon
  2835 | D:5      | Found a staircase to the Ecumenical Temple.
  2836 | D:5      | Noticed Ijyb
  2839 | D:5      | Killed Ijyb
  3081 | Temple   | Entered the Ecumenical Temple
  3137 | Temple   | Became a worshipper of Ru the Awakened
  3179 | D:5      | Reached XP level 8. HP: 71/71 MP: 7/7
  3368 | D:5      | Found a glowing golden altar of the Shining One.
  3442 | D:5      | Found a sand-covered staircase.
  3449 | Ossuary  | Entered an ossuary
  3989 | D:5      | Found Korar's Magic Scroll Boutique.
  3995 | D:5      | Bought a scroll of teleportation for 36 gold pieces
  3995 | D:5      | Bought a scroll of blinking for 90 gold pieces
  3995 | D:5      | Bought a scroll of magic mapping for 42 gold pieces
  4111 | D:6      | Found a shimmering blue altar of Sif Muna.
  4178 | D:6      | Reached skill level 1 in Axes
  4219 | D:5      | Reached skill level 2 in Axes
  4326 | D:6      | Found an ornate altar of the Wu Jian Council.
  4361 | D:6      | Identified the +0 robe of Qenn {rF+ Stlth+}
  4433 | D:6      | Reached skill level 3 in Axes
  4474 | D:6      | Noticed Grinder
  4487 | D:6      | Paralysed by Grinder for 4 turns
  4491 | D:6      | Killed Grinder
  4492 | D:6      | Reached skill level 4 in Axes
  4492 | D:6      | Reached XP level 9. HP: 81/81 MP: 8/8
  4684 | D:6      | Reached skill level 5 in Axes
  4855 | D:7      | Found a shadowy altar of Dithmenos.
  5174 | D:7      | Reached skill level 6 in Axes
  5472 | D:7      | Reached skill level 7 in Axes
  5956 | D:7      | Reached skill level 10 in Throwing
  6505 | D:8      | Found a white marble altar of Elyvilon.
  6522 | D:8      | Reached skill level 8 in Axes
  6700 | D:8      | Reached XP level 10. HP: 88/92 MP: 9/9
  6727 | D:8      | Paralysed by a hornet for 2 turns
  7282 | D:8      | Paralysed by a hornet for 2 turns
  7693 | D:8      | Reached skill level 9 in Axes
  7694 | D:8      | Reached skill level 10 in Fighting
  7862 | D:9      | Noticed a two-headed ogre
  7866 | D:9      | Gained mutation: You cannot study or cast Poison magic. [Ru
                  | sacrifice]
  7866 | D:9      | Gained mutation: You cannot study or cast Transmutations
                  | magic. [Ru sacrifice]
  7866 | D:9      | Gained mutation: You cannot study or cast Conjurations
                  | magic. [Ru sacrifice]
  7866 | D:9      | Reached * piety under Ru
  7871 | D:9      | Killed a two-headed ogre
  7876 | D:9      | Found a flagged portal.
  7893 | Bailey   | Entered a bailey
  7937 | Bailey   | Noticed a two-headed ogre
  8173 | D:9      | Reached skill level 10 in Axes
  8786 | D:9      | Reached skill level 11 in Axes
  8786 | D:9      | Reached skill level 1 in Evocations
  9050 | D:9      | Found a staircase to the Orcish Mines.
  9223 | D:9      | Found a staircase to the Lair.
  9342 | D:9      | Reached XP level 11. HP: 84/102 MP: 10/10
  9379 | D:9      | Found a bloodstained altar of Trog.
  9440 | Orc:1    | Entered Level 1 of the Orcish Mines
  9596 | Orc:1    | Noticed an orc sorcerer
  9597 | Orc:1    | Paralysed by an orc sorcerer for 7 turns
  9601 | Orc:1    | Noticed an orc knight
  9607 | Orc:1    | Killed an orc sorcerer
 10150 | D:9      | Killed an orc knight
 10151 | D:9      | Reached skill level 12 in Axes
 10748 | Orc:1    | Noticed an orc sorcerer
 11448 | Orc:1    | Noticed a lindwurm
 11471 | Orc:1    | Killed a lindwurm
 11472 | Orc:1    | Reached skill level 13 in Axes
 11910 | Orc:1    | Killed an orc sorcerer
 12245 | Orc:2    | Entered Level 2 of the Orcish Mines
 12247 | Orc:2    | Found a staircase to the Elven Halls.
 12266 | Orc:2    | Noticed an orc knight
 12316 | Orc:2    | Noticed an orc sorcerer
 12329 | Orc:2    | Killed an orc sorcerer
 12383 | Orc:2    | Noticed an orc high priest
 12389 | Orc:2    | Noticed an orc sorcerer
 12392 | Orc:2    | Noticed a soul eater
 12587 | Orc:1    | Killed an orc sorcerer
 12601 | Orc:2    | Killed an orc high priest
 12602 | Orc:2    | Reached skill level 14 in Axes
 12681 | Orc:1    | Killed an orc knight
 12682 | Orc:1    | Reached skill level 5 in Evocations
 13064 | Orc:2    | Noticed an orc warlord
 13069 | Orc:2    | Gained mutation: You cannot train Dodging skill. [Ru
                  | sacrifice]
 13069 | Orc:2    | Reached ** piety under Ru
 13233 | Orc:2    | Noticed Nergalle
 13436 | Orc:1    | Killed Nergalle
 13620 | Orc:2    | Noticed Blork the orc
 13621 | Orc:2    | Noticed an orc sorcerer
 13647 | Orc:1    | Killed Blork the orc
 13783 | Orc:2    | Killed an orc sorcerer
 13784 | Orc:2    | Reached XP level 12. HP: 99/110 MP: 11/11
 13838 | Orc:2    | Killed an orc warlord
 14026 | Orc:2    | Noticed an orc high priest
 14037 | Orc:2    | Killed an orc high priest
 14521 | Orc:2    | Found Poommuuha's General Store.
 14534 | Orc:2    | Found Laownyew's Antique Armour Boutique.
 14933 | Orc:2    | Bought a wand of iceblast (4) for 128 gold pieces
 14941 | Orc:2    | Found Ehaaf's Antique Weapon Boutique.
 14958 | Orc:2    | Found Leemuss's Jewellery Boutique.
 14981 | Orc:2    | Bought a glowing morningstar for 168 gold pieces
 15148 | Lair:1   | Entered Level 1 of the Lair of Beasts
 15176 | Lair:1   | Noticed Erica
 15210 | Lair:1   | Killed Erica
 15211 | Lair:1   | Reached skill level 1 in Armour
 16505 | Lair:2   | Noticed a seven-headed hydra
 16522 | Lair:2   | Killed a seven-headed hydra
 16523 | Lair:2   | Reached skill level 5 in Armour
 16889 | Lair:2   | Reached skill level 15 in Axes
 16983 | Lair:2   | Noticed a six-headed hydra
 16992 | Lair:2   | Killed a six-headed hydra
 17317 | Lair:3   | Noticed Fannar
 17350 | Lair:3   | Reached XP level 13. HP: 42/116 MP: 12/12
 17704 | Lair:3   | Killed Fannar
 17744 | Lair:3   | Noticed Urug
 17769 | Lair:3   | Killed Urug
 17809 | Lair:3   | Reached skill level 10 in Evocations
 18935 | Lair:3   | Identified the amulet of Weusaur {Contam rElec rF+ Regen+
                  | Int+4}
 19051 | Lair:3   | Found a staircase to the Shoals.
 19102 | Lair:3   | Gained mutation: You are somewhat inexperienced. (-2 XL)
                  | [Ru sacrifice]
 19102 | Lair:3   | Reached XP level 12. HP: 109/110 MP: 11/11
 19102 | Lair:3   | Reached XP level 11. HP: 102/102 MP: 10/10
 19102 | Lair:3   | Reached *** piety under Ru
 19102 | Lair:3   | Reached **** piety under Ru
 19262 | Lair:4   | Found a hole to the Spider Nest.
 19365 | Lair:4   | Reached skill level 16 in Axes
 20548 | Lair:5   | Gained mutation: You cannot be stealthy. [Ru sacrifice]
 20601 | Lair:5   | Reached skill level 10 in Armour
 20708 | Lair:5   | Found a staircase to the Slime Pits.
 20849 | Lair:6   | Entered Level 6 of the Lair of Beasts
 20977 | Lair:5   | Reached XP level 12. HP: 65/110 MP: 11/11
 21912 | Lair:6   | Gained mutation: You are inexperienced. (-4 XL) [Ru
                  | sacrifice]
 21912 | Lair:6   | Reached XP level 11. HP: 102/102 MP: 10/10
 21912 | Lair:6   | Reached XP level 10. HP: 95/95 MP: 9/9
 21912 | Lair:6   | Reached ***** piety under Ru
 22434 | D:10     | Entered Level 10 of the Dungeon
 22705 | D:10     | Paralysed by a hornet for 3 turns
 23017 | D:10     | Found a snail-covered altar of Cheibriados.
 23028 | D:10     | Found a hazy altar of Hepliaklqana.
 23221 | D:10     | Identified the +4 dagger of Ancient Evil {freeze, rPois
                  | rF+}
 23238 | D:10     | Found a radiant altar of Vehumet.
 23284 | D:10     | Found an opulent altar of Gozag.
 23703 | D:11     | Identified the +9 trident "Seal" {flame, *Noise rF+ Str+3
                  | Dex+9}
 24026 | D:11     | Found a runed translucent gate.
 24027 | D:11     | Found a runed translucent gate.
 24027 | D:11     | Noticed bl3nd3r's ghost (journeyman GrFi)
 24028 | D:11     | Found a runed translucent gate.
 24215 | D:12     | Found a stormy altar of Qazlal.
 24411 | D:12     | You fall into a shaft and drop 1 floor!
 24762 | D:12     | Found Ciublawu's Antique Armour Shoppe.
 24772 | D:12     | Bought a glowing chain mail for 195 gold pieces
 25114 | D:13     | Reached XP level 11. HP: 106/106 MP: 10/10
 25630 | D:13     | Found a gate to the Vaults.
 26126 | D:14     | Noticed Louise
 26162 | D:14     | Killed Louise
 26774 | D:15     | Entered Level 15 of the Dungeon
 27121 | D:15     | Noticed Agnes
 27124 | D:15     | Killed Agnes
 27181 | D:15     | Reached skill level 1 in Shields
 27245 | D:15     | Found a staircase to the Depths.
 27594 | D:15     | Found a sacrificial altar of Ru.
 28296 | Spider:1 | Entered Level 1 of the Spider Nest
 28966 | Orc:2    | Bought a ring of resist corrosion for 320 gold pieces
 28966 | Orc:2    | Bought the ring of Kykhloucev {Dex+4 Slay+4 SInv} for 1561
                  | gold pieces
 29247 | Spider:1 | Noticed an emperor scorpion
 29262 | Spider:1 | Killed an emperor scorpion
 29283 | Spider:1 | HP: 3/101 [culicivora[a torpor snail] (12)]
 29283 | Spider:1 | Mangled by a culicivora

Illustrated notes

Levels and vault maps discovered:
D:1:      zelgadis_glass_arrival_small, layout_basic, serial_shops,
          nicolae_shop_statue_plus, minmay_misc_feat_diagonals
D:2:      layout_loops_ring, chequers_ecumenical_altar_lobes, minmay_3d_cube,
          uniq_natasha, uniq_sigmund
D:3:      layout_rooms, mainiacjoe_overflow_small_starburst
D:4:      layout_rooms, kennysheep_mini, chequers_serial_rivers_micro_a,
          saegor_snake_ambush
D:5:      layout_rooms, tso_altar, minmay_temple_entry_arrows,
          nicolae_ossuary_entry_catacombs, serial_shops, shop,
          chequers_serial_rivers_micro_c, kennysheep_cross_room, uniq_ijyb
D:6:      layout_rooms, nicolae_wu_jian_wuxing_cycle, mainiacjoe_overflow_paths,
          hangedman_abyss_or_decor_lesser_grid, chequers_serial_rivers_small_3,
          dk_rats_in_the_wall, uniq_grinder
D:7:      layout_basic, grunt_dithmenos_smoke_and_mirrors, serial_bayou,
          serial_bayou_shore_a, serial_bayou_pond_c, serial_bayou_lagoon_a,
          serial_bayou_pond_b
D:8:      layout_cave_pools, elyvilon_altar_5, serial_shops,
          nicolae_shop_behind_doors, hex_large, hangedman_decor_clover_reticule
D:9:      layout_basic, trog_hazing_becter, david_lair_shrubbed, david_orc_4,
          enter_bailey_4
D:10:     layout_roguey [special_room_orc], mainiacjoe_overflow_two_lobes,
          mainiacjoe_overflow_catwalk_spiral
D:11:     layout_basic, gammafunk_ghost_nasty_kobolds, hangedman_decor_growths
D:12:     layout_cave_pools, serial_bayou, serial_bayou_lake_a,
          serial_bayou_pond_e, serial_bayou_pond_a, serial_bayou_pond_d,
          serial_shops, nicolae_shop_overgrown_old_shop,
          nicolae_qazlal_eye_of_the_storm
D:13:     gargoyle_guard, layout_loops_ring, david_vaults_1,
          nicolae_splish_splash
D:14:     layout_stronghold, kennysheep_cluttered_room, uniq_louise
D:15:     hangedman_depths_entry_civil_slaughter, layout_basic,
          hangedman_ru_absence, chequers_mini_garden, uniq_agnes
Temple:   jpeg_temple_alley_garden
Lair:1:   layout_chaotic_city, uniq_erica
Lair:2:   layout_regular_city, nicolae_lair_lindhole, grunt_megastairs_4
Lair:3:   layout_gridlike, minmay_shoals_entry_hut, pond, lemuel_fruit_tree,
          uniq_urug, uniq_fannar
Lair:4:   layout_cave_pods, spider_nest_entry_rubble
Lair:5:   layout_cave_pods, minmay_slime_entry_pillars,
          infiniplex_staircase_pool_2, uniq_nessos
Lair:6:   guppyfry_lair_end_dragon, layout_layer_cave,
          hangedman_lair_caniforms_friends
Spider:1: layout_chambers, uniq_azrael
Orc:1:    layout_caves, nicolae_volcano_entry_vermiform
Orc:2:    grunt_orc_cross, layout_caves, kennysheep_orc_chapel

Skill      XL: |  1  2  3  4  5  6  7  8  9 10 11 12 13 |
---------------+----------------------------------------+-----
Fighting       | 3 4 5 6 8 9 12 14 | 14.2
Throwing       | 3 4 5 6 8 9 10 12 13 | 13.3
Axes           | 4 8 11 16 15 | 16.0
Evocations     | 13 11 12 10 | 13.8
Dodging        | 0 |  0.0
Armour         | 10 12 7 | 12.0
Stealth        | 0 |  0.0
Shields        | 4 |  4.0
Short Blades   | |  2.1

Action                   |  1- 3 |  4- 6 |  7- 9 | 10-12 | 13-15 || total
-------------------------+-------+-------+-------+-------+-------++-------
Melee: Dagger            |    81 |    78 |   283 |       |       ||   442
       Headbutt          |    17 |    10 |    99 |   448 |    30 ||   604
       War axe           |       |       |   171 |  1767 |   122 ||  2060
       Punch             |       |       |     3 |    32 |     2 ||    37
       Morningstar       |       |       |       |     7 |       ||     7
Throw: Dart              |     6 |     3 |    42 |   104 |       ||   155
       Boomerang         |       |       |     2 |   239 |    31 ||   272
       Javelin           |       |       |       |     6 |       ||     6
Invok: Sacrifice Experie |       |       |       |     2 |       ||     2
       Sacrifice Arcana  |       |       |       |     1 |       ||     1
       Reject Sacrifices |       |       |       |     1 |       ||     1
       Apocalypse        |       |       |       |     4 |       ||     4
       Sacrifice Stealth |       |       |       |     1 |       ||     1
       Sacrifice Nimblen |       |       |       |     1 |       ||     1
Evoke: Wand              |       |     3 |     4 |    53 |     5 ||    65
       Lightning rod     |       |       |       |     7 |       ||     7
  Use: Scroll            |       |       |    16 |    13 |     2 ||    31
       Potion            |       |       |     1 |     7 |     1 ||     9
 Stab: Sleeping          |     2 |     3 |       |       |       ||     5
       Distracted        |       |       |       |     9 |     1 ||    10
       Paralysed         |       |       |       |     6 |       ||     6
       Invisible         |       |       |       |    14 |     1 ||    15
Armor: Robe              |     6 |       |       |       |       ||     6
       Ring mail         |    21 |    26 |   131 |       |       ||   178
       Chain mail        |       |       |   138 |   158 |       ||   296
       Plate armour      |       |       |       |   795 |    83 ||   878
Dodge: Dodged            |    37 |    41 |   259 |   515 |    29 ||   881
Block: Tower shield      |       |       |       |    24 |       ||    24
       Buckler           |       |       |       |    23 |       ||    23
       Other             |       |       |       |     3 |    24 ||    27
